 Dungeon Crawl Stone Soup version 0.21-a0-528-gf531e82 (webtiles) character file.

15 slep the Chopper (level 2, -6/22 HPs)
             Began as a Demonspawn Gladiator on Dec 9, 2017.
             Mangled by a worker ant (7 damage)
             ... on level 2 of the Dungeon.
             The game lasted 00:02:14 (644 turns).

slep the Chopper (Demonspawn Gladiator)              Turns: 644, Time: 00:02:15

Health: -6/22      AC:  6    Str: 14    XL:     2   Next: 34%
Magic:  2/2        EV: 13    Int:  9    God:
Gold:   35         SH:  0    Dex: 16    Spells: 1/1 levels left

rFire    . . .     SeeInvis .   a - +0 war axe
rCold    . . .     Gourm    .   (no shield)
rNeg     . . .     Faith    .   b - +0 leather armour
rPois    .         Spirit   .   c - +0 helmet
rElec    .         Reflect  .   (no cloak)
rCorr    .         Harm     .   o - +1 pair of gloves
MR       .....                  (no boots)
Stlth    ++........             (no amulet)
HPRegen  0.07/turn              (no ring)
MPRegen  0.08/turn              (no ring)

@: lethally poisoned (-6 -> -22), flying
A: thin skeletal structure 1
a: no special abilities


You were on level 2 of the Dungeon.
You were not hungry.

You visited 1 branch of the dungeon, and saw 2 of its levels.

You collected 35 gold pieces.

Inventory:

Hand Weapons
 a - a +0 war axe (weapon)
 g - a +2 hunting sling of freezing
Missiles
 d - 3 throwing nets (quivered)
 h - 38 stones
Armour
 b - a +0 leather armour (worn)
 c - a +0 helmet (worn)
 o - a +1 pair of gloves (worn)
Scrolls
 j - a scroll of blinking {unknown}
 k - 3 scrolls of identify {unknown}
 l - 3 scrolls of enchant weapon {unknown}
Potions
 e - a potion of magic {unknown}
 i - a potion of flight
 m - a potion of mutation {unknown}
 n - a potion of resistance {unknown}
Comestibles
 f - 2 bread rations


   Skills:
 + Level 2.2 Fighting
 + Level 3.0 Axes
 + Level 1.7 Throwing
 + Level 0.1 Armour
 + Level 2.9 Dodging
 + Level 0.2 Stealth


You had one spell level left.
You didn't know any spells.

Dungeon Overview and Level Annotations

Branches:
Dungeon (2/15)

Altars:


Innate Abilities, Weirdness & Mutations

You have a somewhat thin skeletal structure. (Dex +2, Stealth)


Message History

The worker ant poisons you!
You closely miss the worker ant.
The worker ant is heavily wounded.
* * * LOW HITPOINT WARNING * * *
You feel sick. The worker ant barely misses you.
You hit the worker ant.
The worker ant is almost dead.
* * * LOW HITPOINT WARNING * * *
You feel sick.
The worker ant bites you but does no damage.
The worker ant bites you.
* * * LOW HITPOINT WARNING * * *
You are more poisoned.
The worker ant poisons you!
It was a potion of flight.
You feel very buoyant.
You fly up into the air.
* * * LOW HITPOINT WARNING * * *
You feel sick. The worker ant bites you!
You die...

#. ##..
#...########
...........#
.##.........#
...........#
#.....a...#
####...%.)@..#
........(....#
##!........#
#.........#
#..†......#
#........%#
##.########
#.## #..#


You could see a worker ant.

Vanquished Creatures
  2 bats (D:1)
  2 giant cockroaches (D:1)
  2 goblins
  A hobgoblin (D:1)
  A frilled lizard (D:1)
  4 kobolds
  2 rats
14 creatures vanquished.

Notes
Turn   | Place    | Note
-------+----------+-------------------------------------------
     0 | D:1      | slep the Demonspawn Gladiator began the quest for the Orb.
     0 | D:1      | Reached XP level 1. HP: 16/16 MP: 1/1
   173 | D:1      | Reached skill level 3 in Axes
   243 | D:1      | Gained mutation: You have a somewhat thin skeletal structure. (Dex +2, Stealth) [demonic ancestry]
   243 | D:1      | Reached XP level 2. HP: 21/22 MP: 2/2
   644 | D:2      | HP: 1/22 [poisoned by a worker ant]
   644 | D:2      | Mangled by a worker ant

Vault maps used:
D:1:      dpeg_arrival_renting
D:2:      makhleb_blood_cavern_becter, minitemple, first_bread

Skill      XL: |  1 |
---------------+----+-----
Axes           | 3 |  3.0
Fighting       | |  2.2
Throwing       | |  1.7
Armour         | |  0.1
Dodging        | |  2.9
Stealth        | |  0.2

Action                   || total
-------------------------++-------
Melee: War axe           ||    44
 Fire: Hunting sling     ||     4
  Use: Potion            ||     1
 Stab: Sleeping          ||     2
       Distracted        ||     1
Armor: Leather armour    ||    20
Dodge: Dodged            ||    46

Table legend:
 A = Spawn XP
 B = Non-spawn XP
 C = Spawn XP percentage of total XP
 D = Spawn monster count
 E = Non-spawn monster count
 F = Spawn count percentage of total count
 G = Total turns spent on level
                    A         B        C        D         E        F      G
               +---------+---------+-------+---------+---------+-------+---------
         Total |       0 |      22 |   0.0 |       0 |      14 |   0.0 |   644
               +---------+---------+-------+---------+---------+-------+---------
           D:1 |       0 |      16 |   0.0 |       0 |      10 |   0.0 |   575
           D:2 |       0 |       6 |   0.0 |       0 |       4 |   0.0 |    69
               +---------+---------+-------+---------+---------+-------+---------
